 Dungeon Sprint DCSS version 0.24-a0-312-g16217b4a02 (webtiles) character file.

Game seed: 13828254838678515374

9300000 Hercules1031 the Axe Maniac (level 27, -5/323 HPs)
             Began as a Troll Warper on May 15, 2019.
             Was the Champion of Makhleb.
             Killed by divine providence
             ... invoked by an accursed
              (12 damage)
             ... in the Dungeon (Sprint VIII: "Arena of Blood").
             The game lasted 00:05:25 (93 turns).

Hercules1031 the Axe Maniac (Troll Warper)            Turns: 93, Time: 00:05:26

Health: -5/323     AC:  8    Str: 27    XL:     27
Magic:  37/53      EV: 31    Int:  9    God:    Makhleb [******]
Gold:   0          SH:  0    Dex: 18    Spells: 80/80 levels left

rFire    + . .     SeeInvis .   c - +∞ Axe of Woe
rCold    . . .     Gourm    +   (shield currently unavailable)
rNeg     . . .     Faith    .   b - +0 robe
rPois    .         Spirit   .   (helmet restricted)
rElec    .         Reflect  .   (no cloak)
rCorr    .         Harm     .   (gloves unavailable)
MR       ++...     NoTele   +   (boots unavailable)
Stlth    +++++++++.             (no amulet)
HPRegen  1.03/turn              d - ring of protection from fire
MPRegen  0.33/turn              (no ring)

@: very slightly contaminated
A: large, unfitting armour, claws 3, fast metabolism 3, gourmand, regeneration
1, shaggy fur 1, tough skin 3
a: Minor Destruction, Lesser Servant of Makhleb, Major Destruction, Greater
Servant of Makhleb, Renounce Religion


You were in the Dungeon.
You worshipped Makhleb.
Makhleb was exalted by your worship.
You were not hungry.

You visited 1 branch

Inventory:

Hand Weapons
 a - a +0 hand axe
 c - the +∞ Axe of Woe (weapon)
   (You found it in the Dungeon)
Missiles
 e - 5 boomerangs of dispersal (quivered)
Armour
 b - a +0 robe (worn)
Jewellery
 d - a ring of protection from fire (left claw)
Potions
 g - a potion of curing
 i - a potion of haste
 j - 2 potions of magic
 k - a potion of berserk rage
Comestibles
 f - 2 rations


   Skills:
 O Level 27 Fighting
 O Level 27 Axes
 O Level 27 Throwing
 O Level 27 Armour
 O Level 27 Dodging
 O Level 27 Stealth
 O Level 27 Unarmed Combat
 O Level 27 Spellcasting
   Level 2.1 Translocations
 O Level 27 Invocations


You had 80 spell levels left.
You didn't know any spells.
Your spell library contained the following spells:

 Spells                   Type           Power        Failure   Level  Hunger
 Blink                    Tloc           N/A          1%          2    None
 Shroud of Golubria       Chrm/Tloc      ##........   2%          2    None
 Gell's Gravitas          Tloc           ###.......   3%          3    None
 Lesser Beckoning         Tloc           ###.......   3%          3    None
 Teleport Other           Tloc           ###.....     3%          3    None
 Passage of Golubria      Tloc           N/A          11%         4    #......


Dungeon Overview and Level Annotations

Branches:
Dungeon (1/1)

Altars:
Makhleb


Innate Abilities, Weirdness & Mutations

You are too large for most types of armour.
You have claws for hands.
Your metabolism is lightning-fast.
You like to eat raw meat.
Your natural rate of healing is unusually fast.
You are covered in fur. (AC +1)
You have extremely tough skin. (AC +3)


Message History

You hear a shout!
The tyrant shouts!
Unknown command.
Unknown command.
The meat berserker shouts!
You hit the tentacled monstrosity.
You chop the tentacled monstrosity into pieces.
You kill the tentacled monstrosity!
You hit the large abomination.
You dissect the large abomination like a pig carcass.
You destroy the large abomination!
The meat beast is engulfed in blazing flames.
You hear a shout! x3
A dread comes into view.
The meat beast is engulfed in blazing flames.
A meat berserker comes into view. It is wielding a +9 battleaxe.
The meat berserker is engulfed in poison gas.
The meat berserker looks as sick as possible!
The accursed casts a spell at you. Something smites you!
You die...

#....#...
#.WL..M.O
#.....X..
#.X.°X°X. ...#....
#.OX°o. .#......#
#§XL°# ..........
#☼§O○##......o#...
#2§...#....V#.....
#@)..%%###........
#))%%.##....#.....
#))..#...)...o#.§.
#.)).#..)....O....
#)D).O..)))......#
#D))..............
#........%........
#..%......#.......
#........#.#.#....


You could see an accursed, a meat beast, 2 tyrants, 2 eight-headed meat hydras,
6 large abominations, a dread, 4 meat berserkers and a bag of meat.

Vanquished Creatures
  2 hell beasts (D)
  A greater mummy (D)
  3 wraiths (D)
  12 vampire knights (D)
  21 ogres (D)
  5 two-headed ogres (D)
  2 liches (D)
  A hydra (D)
  61 orcs (D)
  A phantom (D)
  3 skeletal warriors (D)
  6 large abominations (D)
  6 small abominations (D)
  6 crawling corpses (D)
130 creatures vanquished.

Vanquished Creatures (others)
  A crawling corpse (D)
1 creature vanquished.

Grand Total: 131 creatures vanquished

Notes
Turn   | Place    | Note
-------+----------+-------------------------------------------
     0 | D        | Found the +∞ Axe of Woe
     0 | D        | Hercules1031 the Troll Warper began the quest for the Orb.
     0 | D        | Reached XP level 1. HP: 19/19 MP: 1/1
     2 | D        | Noticed a bag of meat
     3 | D        | Noticed a bag of meat
     3 | D        | Noticed a meat berserker
     4 | D        | Became a worshipper of Makhleb the Destroyer
     5 | D        | Noticed a bag of meat
     7 | D        | Killed a meat berserker
     7 | D        | Reached XP level 2. HP: 55/55 MP: 2/2
     7 | D        | Reached XP level 3. HP: 63/63 MP: 3/3
     7 | D        | Reached XP level 4. HP: 72/72 MP: 4/4
     7 | D        | Reached XP level 5. HP: 80/80 MP: 5/5
     7 | D        | Reached XP level 6. HP: 89/89 MP: 6/6
     7 | D        | Reached XP level 7. HP: 97/97 MP: 7/7
     7 | D        | Reached XP level 8. HP: 106/106 MP: 8/8
     7 | D        | Reached XP level 9. HP: 114/114 MP: 9/9
     7 | D        | Reached XP level 10. HP: 123/123 MP: 10/10
     7 | D        | Reached XP level 11. HP: 131/131 MP: 11/11
     7 | D        | Reached XP level 12. HP: 140/140 MP: 12/12
     7 | D        | Reached XP level 13. HP: 148/148 MP: 13/13
     8 | D        | Killed a bag of meat
     8 | D        | Reached * piety under Makhleb
     8 | D        | Reached skill level 15 in Fighting
     8 | D        | Reached skill level 15 in Axes
     8 | D        | Reached skill level 15 in Armour
     8 | D        | Reached skill level 15 in Dodging
     8 | D        | Killed a bag of meat
     8 | D        | Reached XP level 14. HP: 142/163 MP: 14/14
     9 | D        | Killed a bag of meat
     9 | D        | Noticed a bag of meat
    10 | D        | Noticed a bag of meat
    12 | D        | Noticed a bag of meat
    13 | D        | Noticed a meat berserker
    14 | D        | Noticed a meat berserker
    14 | D        | Noticed a meat berserker
    14 | D        | Noticed a bag of meat
    14 | D        | Noticed a large bag of meat
    15 | D        | Noticed a bag of meat
    15 | D        | Noticed a bag of meat
    15 | D        | Noticed a bag of meat
    15 | D        | Noticed a destroyer
    15 | D        | Noticed a bag of meat
    15 | D        | Noticed a bag of meat
    15 | D        | Noticed a bag of meat
    15 | D        | Noticed a bag of meat
    15 | D        | Noticed a meat berserker
    15 | D        | Noticed a bag of meat
    15 | D        | Noticed a meat berserker
    15 | D        | Noticed a bag of meat
    15 | D        | Noticed a bag of meat
    15 | D        | Noticed a large bag of meat
    15 | D        | Noticed a bag of meat
    16 | D        | Noticed a meat berserker
    16 | D        | Killed a bag of meat
    16 | D        | Reached ** piety under Makhleb
    16 | D        | Reached XP level 15. HP: 54/178 MP: 15/15
    16 | D        | Killed a meat berserker
    16 | D        | Killed a meat berserker
    16 | D        | Reached XP level 16. HP: 149/197 MP: 16/16
    16 | D        | Reached *** piety under Makhleb
    16 | D        | Killed a meat berserker
    16 | D        | Reached XP level 17. HP: 210/210 MP: 17/17
    17 | D        | Noticed a destroyer
    17 | D        | Noticed a meat berserker
    17 | D        | Noticed a meat berserker
    18 | D        | Noticed a meat berserker
    19 | D        | Reached **** piety under Makhleb
    19 | D        | Killed a destroyer
    19 | D        | Reached XP level 18. HP: 230/230 MP: 18/18
    20 | D        | Reached ***** piety under Makhleb
    20 | D        | Reached XP level 19. HP: 243/243 MP: 19/19
    20 | D        | Killed a meat berserker
    20 | D        | Reached skill level 27 in Fighting
    20 | D        | Reached skill level 27 in Axes
    20 | D        | Reached skill level 27 in Armour
    20 | D        | Reached skill level 27 in Dodging
    20 | D        | Noticed a meat berserker
    21 | D        | Killed a large bag of meat
    21 | D        | Reached XP level 20. HP: 256/256 MP: 19/39
    21 | D        | Reached skill level 10 in Throwing
    21 | D        | Noticed a large bag of meat
    22 | D        | Noticed a meat berserker
    23 | D        | Killed a meat berserker
    23 | D        | Reached ****** piety under Makhleb
    23 | D        | Reached XP level 21. HP: 265/265 MP: 19/48
    23 | D        | Reached skill level 15 in Throwing
    23 | D        | Reached skill level 27 in Spellcasting
    24 | D        | Reached XP level 22. HP: 264/275 MP: 19/52
    25 | D        | Noticed a large bag of meat
    25 | D        | Killed a large bag of meat
    25 | D        | Reached skill level 27 in Throwing
    27 | D        | Reached skill level 15 in Stealth
    27 | D        | Reached XP level 23. HP: 279/284 MP: 20/53
    27 | D        | Killed a destroyer
    28 | D        | Noticed a destroyer
    31 | D        | Reached XP level 24. HP: 295/295 MP: 21/53
    31 | D        | Killed a large bag of meat
    33 | D        | Reached skill level 27 in Stealth
    33 | D        | Killed a destroyer
    33 | D        | Reached skill level 27 in Unarmed Combat
    33 | D        | Reached skill level 27 in Invocations
    33 | D        | Reached XP level 25. HP: 304/304 MP: 22/53
    36 | D        | Reached XP level 26. HP: 314/314 MP: 23/53
    38 | D        | Killed a large bag of meat
    40 | D        | Noticed a destroyer
    42 | D        | Reached XP level 27. HP: 282/323 MP: 24/53
    44 | D        | Noticed a destroyer
    46 | D        | Noticed a destroyer
    47 | D        | Noticed a destroyer
    48 | D        | Killed a destroyer
    51 | D        | Noticed a tyrant
    51 | D        | Noticed a destroyer
    53 | D        | Noticed a destroyer
    55 | D        | Killed a destroyer
    57 | D        | Noticed an accursed
    57 | D        | Killed a destroyer
    59 | D        | Noticed a dread
    59 | D        | Killed a destroyer
    60 | D        | Killed an accursed
    61 | D        | Killed a tyrant
    61 | D        | Killed a dread
    63 | D        | Killed a destroyer
    63 | D        | Noticed a destroyer
    63 | D        | Noticed a dread
    64 | D        | Noticed a destroyer
    68 | D        | Killed a destroyer
    69 | D        | Noticed a dread
    69 | D        | Noticed a destroyer
    70 | D        | Noticed a tyrant
    71 | D        | Noticed a meat beast
    73 | D        | Killed a dread
    74 | D        | Killed a destroyer
    75 | D        | Killed a destroyer
    75 | D        | Killed a destroyer
    76 | D        | Killed a meat beast
    77 | D        | Noticed a large bag of meat
    78 | D        | Noticed a tyrant
    79 | D        | Killed a tyrant
    79 | D        | Noticed a meat beast
    82 | D        | Killed a meat beast
    83 | D        | HP: 15/323 [??? (12)]
    86 | D        | Killed a large bag of meat
    88 | D        | HP: 4/323 [something (6)]
    89 | D        | Noticed a meat beast
    91 | D        | Killed a dread
    92 | D        | Noticed an accursed
    92 | D        | Noticed a tyrant
    93 | D        | Noticed a dread
    93 | D        | Killed from afar by an accursed

Levels and vault maps discovered:
D:        meatsprint

Skill      XL: |  1  2  3  4  5  6  7  8  9 10 11 12 13 14 15 16 17 18 19 20 21 22 23 24 |
---------------+-------------------------------------------------------------------------+-----
Fighting       | 14 16 18 21 22 25 26 27 | 27.0
Axes           | 14 16 18 21 22 25 26 27 | 27.0
Armour         | 14 16 18 21 22 25 26 27 | 27.0
Dodging        | 14 16 18 21 22 25 26 27 | 27.0
Throwing       | 9 14 24 27 | 27.0
Spellcasting   | 16 24 27 | 27.0
Stealth        | 15 22 27 | 27.0
Unarmed Combat | 21 25 27 | 27.0
Invocations    | 19 23 27 | 27.0
Translocations | |  2.1

Action                   |  1- 3 |  4- 6 |  7- 9 | 10-12 | 13-15 | 16-18 | 19-21 | 22-24 | 25-27 || total
-------------------------+-------+-------+-------+-------+-------+-------+-------+-------+-------++-------
Melee: Executioner's axe |     1 |       |       |       |     3 |     3 |     4 |     5 |    50 ||    66
Invok: Greater Servant o |       |       |       |       |       |       |       |       |     3 ||     3
  Use: Scroll            |       |       |       |       |     1 |     1 |       |       |       ||     2
       Potion            |       |       |       |       |       |       |       |       |     1 ||     1
Armor: Robe              |       |       |       |       |       |       |       |       |     1 ||     1
Dodge: Dodged            |       |       |       |       |     2 |     1 |       |       |     2 ||     5

Table legend:
 A = Non-vault XP
 B = Vault XP
 C = Vault XP percentage of total XP
 D = Non-vault monster count
 E = Vault monster count
 F = Vault count percentage of total count
                 A         B        C        D         E       F
            +---------+---------+-------+---------+---------+-------
      Total | 1904130 | 1110913 |  36.8 |      58 |      66 |  53.2
            +---------+---------+-------+---------+---------+-------
          D | 1904130 | 1110913 |  36.8 |      58 |      66 |  53.2
            +---------+---------+-------+---------+---------+-------
